Cogmind - Beta 16.1 @@@ ROGUE MODE // 2026.01.21 @ 18:22:28 Player: cptwinky Result: Destroyed by Borg Serf with Self-contained Borg Blade Performance ------------- Evolutions (6) 3000 Regions Visited (20) 4000 Robots Destroyed (221) 1105 Value Destroyed (7544) 7544 Prototype IDs (26) 520 Alien Tech Used (0) 0 Bonus (12995) 12995 TOTAL SCORE: 29164 Bonus ------- High Alert Combat Kills 1277 Follower Combat Kills 6918 Hunted by Unchained 500 Entered Garrisons 1000 Used RIF Installer 3000 Aligned with FarCom 300 Cogmind --------- Core Integrity 0/1150 Matter 99/300 Energy 15/100 System Corruption 1% Temperature Cool (18) Movement Core (850) Ox16 Location -4/Extension Parts ------- > --- POWER (2) -------- (None) > --- PROPULSION (4) --- (None) > --- UTILITY (8) ------ Improved Coolant Injector High-capacity Storage Unit Improved Targeting Computer Core Analyzer Relay Coupler [NC] (41) > --- WEAPON (5) ------- Matter Neutralizer > --- INVENTORY (20) --- Compact Wheel Advanced Cooling System Energy Well (350) Matter Compressor (250) Matter Compressor (250) Matter Compressor (250) Advanced Transmission Jammer Advanced Hacking Suite Long-range Tractor Beam 1B-0RG's Assimilator Peak State ------------ > --- POWER ------------ Reinforced Fission Core Enhanced Fission Core > --- PROPULSION ------- Armored Huge Wheel Armored Huge Wheel > --- UTILITY ---------- Advanced Heat Sink Improved Coolant Injector High-capacity Storage Unit Improved Targeting Computer Core Analyzer Advanced Transmission Jammer Medium Reactive Plating Advanced Shield Generator > --- WEAPON ----------- 1B-0RG's Assimilator > --- INVENTORY -------- Advanced Heat Sink Advanced Cooling System Energy Well Matter Compressor Matter Compressor Matter Compressor Improved Medium Armor Plating Advanced Shield Generator Advanced Hacking Suite Relay Coupler [NC] Long-range Tractor Beam Shock Rifle Matter Neutralizer XL Autogun Array Hypervelocity Gauss Cannon Remote Datajack [Rating: 140] Favorites ----------- Power Reinforced Fission Core Engine Cooled Ion Engine Power Core Reinforced Fission Core Reactor Light Antimatter Reactor Propulsion Armored Huge Wheel Treads Armored Treads Leg Aluminum Leg Wheel Armored Huge Wheel Utility Improved Targeting Computer Device Advanced Heat Sink Storage High-capacity Storage Unit Processor Improved Targeting Computer Hackware Hacking Suite Protection Improved Medium Armor Plating Weapon Improved Assault Rifle Energy Gun Improved Medium Laser Energy Cannon Beam Cannon Ballistic Gun Improved Assault Rifle Ballistic Cannon Hypervelocity Gauss Cannon Launcher Rocket Launcher Special Weapon Remote Datajack Special Melee Weapon 1B-0RG's Assimilator Build | -11 -10 -10 -9 -9 -9 -8 -8 -8 -8 -8 -7 -7 -6 -6 -5 -5 -5 -5 -4 -4 ------- Run | Yrd Mat Min Mat Min Exi Min Mat Gar Mat Gar Fac Gar Fac Gar Fac Was Fac Gar Fac Ext Slots Evolved 12 | . . . 2 . . . 2 . . . 2 . 2 . 2 . . . 2 . Power 1 | . . . . . . . . . . . . . . . . . . . 1 . Propulsion 2 | . . . 1 . . . . . . . . . 1 . . . . . . . Utility 6 | . . . 1 . . . 1 . . . . . 1 . 2 . . . 1 . Weapon 3 | . . . . . . . 1 . . . 2 . . . . . . . . . Parts Attached 150 | 6 5 8 34 1 5 4 18 3 . 8 6 4 4 9 11 1 2 . 5 16 Power 10 | 1 1 1 2 . . . . . . 1 . 1 . . 1 . . . 1 1 Engine 6 | 1 1 1 2 . . . . . . 1 . . . . . . . . . . Core 3 | . . . . . . . . . . . . 1 . . 1 . . . 1 . Reactor 1 | . . . . . . . . . . . . . . . . . . . . 1 Propulsion 39 | 2 . 3 10 . 2 2 5 . . 2 . . 1 3 2 . . . 1 6 Treads 9 | 2 . . . . . . 3 . . 1 . . 1 1 1 . . . . . Leg 19 | . . 3 10 . 2 2 1 . . . . . . 1 . . . . . . Wheel 11 | . . . . . . . 1 . . 1 . . . 1 1 . . . 1 6 Hover . | . . . . . . . . . . . . . . . . . . . . . Flight . | . . . . . . . . . . . . . . . . . . . . . Utility 55 | 1 2 2 6 1 1 2 8 2 . 3 3 2 3 4 7 1 2 . 2 3 Device 15 | . 1 . 1 . 1 . 1 1 . 1 1 . 1 2 3 . . . 1 1 Storage 7 | 1 . 1 1 . . . 1 . . . . . . 2 . 1 . . . . Processor 9 | . . . 1 . . . 3 . . . . . 1 . 1 . 2 . 1 . Hackware 7 | . . . . . . 1 . 1 . 1 1 . 1 . 1 . . . . 1 Protection 17 | . 1 1 3 1 . 1 3 . . 1 1 2 . . 2 . . . . 1 Artifact . | . . . . . . . . . . . . . . . . . . . . . Weapon 46 | 2 2 2 16 . 2 . 5 1 . 2 3 1 . 2 1 . . . 1 6 Energy Gun 10 | 1 1 1 5 . . . . . . 1 . 1 . . . . . . . . Energy Cannon 4 | . . . 3 . . . . . . . . . . . . . . . . 1 Ballistic Gun 21 | 1 1 1 5 . 1 . 4 . . 1 1 . . 2 . . . . . 4 Ballistic Cannon 2 | . . . . . . . . . . . . . . . . . . . 1 1 Launcher 4 | . . . 2 . . . 1 . . . . . . . 1 . . . . . Special Weapon 2 | . . . 1 . . . . . . . 1 . . . . . . . . . Impact Weapon . | . . . . . . . . . . . . . . . . . . . . . Slashing Weapon . | . . . . . . . . . . . . . . . . . . . . . Piercing Weapon . | . . . . . . . . . . . . . . . . . . . . . Special Melee Weapon 3 | . . . . . 1 . . 1 . . 1 . . . . . . . . . Unidentified Prototypes 7 | . . . 3 . . . . . . . 2 . . . 1 . . . . 1 Parts Lost 38 | . . . 2 2 . 2 1 2 . 3 . . 1 3 . . . . . 22 Power 5 | . . . 2 . . . . . . . . . . . . . . . . 3 Propulsion 9 | . . . . . . . . . . . . . . 1 . . . . . 8 Utility 13 | . . . . 2 . 2 . 1 . 1 . . . 2 . . . . . 5 Weapon 11 | . . . . . . . 1 1 . 2 . . 1 . . . . . . 6 Highest Loss Streak 14 | . . . 1 1 . 1 1 1 . 1 . . 1 1 . . . . . 14 To Critical Strikes 2 | . . . . . . . . . . . . . . . . . . . . 2 Average Backups 13 | 2 7 8 11 15 13 11 13 14 14 14 15 15 13 14 15 16 16 16 14 15 Power . | . 1 . . 2 1 1 1 1 1 . 1 1 1 1 1 1 1 1 . . Propulsion 1 | 1 2 1 1 2 1 . 2 4 4 3 2 2 1 1 1 1 1 1 . 1 Utility 6 | . 1 2 2 3 3 3 4 5 5 5 4 6 5 7 9 10 10 10 9 9 Weapon 3 | . 2 2 5 6 6 5 3 3 3 3 6 5 4 3 3 3 3 3 2 2 Tool/Special . | . . . . . . . . . . . . . . . . . . . . . Unused Backups 28 | . 1 2 3 . 2 1 4 . . . 2 1 . 2 3 . . . . 7 Power 3 | . . . . . 2 . . . . . . . . . 1 . . . . . Propulsion 7 | . . 2 1 . . 1 1 . . . . . . . . . . . . 2 Utility 12 | . . . 1 . . . 2 . . . . . . 2 2 . . . . 5 Weapon 6 | . 1 . 1 . . . 1 . . . 2 1 . . . . . . . . Tool/Special . | . . . . . . . . . . . . . . . . . . . . . Average Slot Usage (%) 78 | . 99 100 99 89 82 96 91 89 90 89 58 59 65 63 68 70 70 70 71 69 Engine 4 | . 14 14 10 11 11 11 9 9 9 9 7 4 . . . . . . . . Core 3 | . . . . . . . . . . . . 2 6 6 5 5 5 5 10 9 Treads 6 | . 28 13 . . . . 3 9 9 9 7 7 13 12 6 5 5 5 . . Leg 7 | . . 14 32 33 33 33 11 . . . . . . . . . . . . . Wheel 6 | . . . . . . . 6 9 9 9 7 7 6 6 9 11 11 11 10 12 Device 9 | . 2 . 7 . 4 1 9 7 4 1 . . 4 10 16 16 17 17 20 16 Storage 7 | . 14 14 11 11 11 11 9 9 9 9 7 7 6 6 5 5 5 5 5 5 Processor 6 | . . . 1 . . . 8 9 9 9 7 7 6 6 5 5 8 11 10 10 Hackware 1 | . . . . . . 7 . 1 4 7 4 . 1 . 4 5 1 . . . Protection 8 | . 10 14 12 11 11 10 9 8 9 9 7 13 13 6 4 5 5 5 5 4 Energy Gun 1 | . 6 2 10 . . . . . . . . . . . . . . . . . Ballistic Gun 9 | . 21 25 10 19 1 21 26 26 26 25 . . . . . . . . 3 4 Special Melee Weapon 2 | . . . . . 10 . . . . . 6 6 5 5 4 5 5 5 1 1 Peak Build Rating 140 | 6 9 9 22 21 23 26 40 42 42 42 99 98 106 110 126 125 126 126 140 139 Average Rating 76 | 5 8 8 18 18 16 23 36 40 40 40 93 95 103 102 121 124 125 125 124 111 On Entrance 61 | . 6 8 9 21 19 23 26 40 39 42 39 93 98 105 109 125 125 126 126 119 Avg Prop Armor Cover (%) 9 | . . . . . . . 5 8 8 8 8 7 13 15 8 7 7 7 . . Naked Turns . | . . . . . . . . . . . . . . . . . . . . . Heaviest Build 157 | 12 17 22 38 39 37 44 70 67 67 67 110 113 112 115 143 147 143 147 157 157 Greatest Support 56 | 40 40 40 32 32 32 35 35 28 28 28 28 28 28 40 40 40 40 40 56 56 Greatest Overweight (x) 11 | . . 1 1 1 1 1 4 2 2 3 3 5 3 4 7 3 11 5 2 4 Average Overweight (x) 2 | . . . . 1 . 1 1 2 2 2 2 3 2 2 3 3 3 3 2 1 Largest Inventory Capacity 20 | 8 8 10 15 15 15 15 20 20 20 20 20 20 20 20 20 20 20 20 20 20 Average Capacity 17 | 7 8 8 11 15 15 15 19 20 20 20 20 20 20 20 20 20 20 20 20 20 Most Carried 20 | 5 8 10 15 15 15 15 20 20 20 20 20 20 19 20 20 20 20 20 20 20 Average Carried 17 | 2 7 8 11 14 14 14 18 19 19 19 19 19 17 18 19 20 19 19 18 19 Final Capacity 20 | 8 8 10 15 15 15 15 20 20 20 20 20 20 20 20 20 20 20 20 20 20 Final Carried 20 | 5 8 10 15 15 14 15 20 20 20 20 18 20 17 20 20 20 20 20 20 14 Class Distribution -------------------- 66% | Mutant 10% | Gunner 7% | Skirmisher 6% | Tank 5% | Scavenger-Mutant Dominant Class ---------------- Mutant | -10/Materials Mutant | -10/Mines Mutant | -9/Materials Mutant | -9/Mines Mutant | -9/Exiles Scavenger-Mutant | -8/Mines Tank | -8/Materials Skirmisher | -8/Garrison Skirmisher | -8/Materials Skirmisher | -8/Garrison Mutant | -7/Factory Mutant | -7/Garrison Mutant | -6/Factory Mutant | -6/Garrison Mutant | -5/Factory Mutant | -5/Waste Mutant | -5/Factory Mutant | -5/Garrison Gunner | -4/Factory Gunner | -4/Extension Resources | -11 -10 -10 -9 -9 -9 -8 -8 -8 -8 -8 -7 -7 -6 -6 -5 -5 -5 -5 -4 -4 ----------- Run | Yrd Mat Min Mat Min Exi Min Mat Gar Mat Gar Fac Gar Fac Gar Fac Was Fac Gar Fac Ext Matter Collected 23906 | 269 210 179 707 260 . 299 859 575 147 513 411 2176 592 3728 1679 1013 40 936 4105 5208 Remotely 3582 | . . . . . . . . . . . . . . . 520 . . . 1458 1604 Salvage Created 9606 | 38 287 216 1684 100 . 277 1266 671 211 638 . 216 81 166 20 . . . 1222 2513 Parts 460 | 5 19 16 94 3 . 20 76 35 16 32 . 16 4 5 1 . . . 52 66 Haulers Intercepted 16 | . 1 . 6 . . . 6 . . . . . . . . . . . . 3 Recyclers Shooed 4 | 1 . . 2 . . . 1 . . . . . . . . . . . . . Parts Field Recycled . | . . . . . . . . . . . . . . . . . . . . . Retrieved Matter . | . . . . . . . . . . . . . . . . . . . . . Parts Self-Destructed . | . . . . . . . . . . . . . . . . . . . . . Prevented . | . . . . . . . . . . . . . . . . . . . . . Parts Restored . | . . . . . . . . . . . . . . . . . . . . . Kills | -11 -10 -10 -9 -9 -9 -8 -8 -8 -8 -8 -7 -7 -6 -6 -5 -5 -5 -5 -4 -4 ------- Run | Yrd Mat Min Mat Min Exi Min Mat Gar Mat Gar Fac Gar Fac Gar Fac Was Fac Gar Fac Ext Combat Hostiles Destroyed 157 | . 5 7 34 15 . 7 21 14 7 13 . 7 2 2 . . . . 17 6 Guns 111 | . 5 7 28 4 . 4 18 10 4 13 . . . 2 . . . . 11 5 Cannons 7 | . . . . . . . . . . . . . . . . . . . 6 1 AOE 38 | . . . 5 11 . 3 3 4 3 . . 7 2 . . . . . . . Classes Destroyed 20 | 1 6 1 2 1 . . 2 1 1 1 . . . 1 . . . . 3 . Worker 12 | . 1 . 1 . . . 2 . . . . . . . . . . . 2 6 Builder 15 | . 1 . 1 . . . . . . . . . . . . . . . . 13 Tunneler 8 | 2 . . . 1 . 1 . . . . . . . . . . . . . 4 Hauler 16 | . 1 . 6 . . . 6 . . . . . . . . . . . . 3 Recycler 12 | . . . 1 . . . . . . . . . . . . . . . 1 10 Mechanic 2 | . 1 . . . . . . . . . . . . . . . . . 1 . Operator 3 | . 1 . 2 . . . . . . . . . . . . . . . . . Watcher 3 | . . . . . . . . . 1 . . . . . 1 . . . . 1 Swarmer 33 | . . 3 7 3 . 4 4 4 3 . . 4 . . . . . . 1 . Cutter 1 | . . . . . . . . . . . . . . 1 . . . . . . Saboteur 1 | . . . . . . . . . . . . . . . . . . . 1 . Grunt 66 | . 5 4 18 . . 6 7 7 1 5 . 3 . 2 . . . . 6 2 Brawler 3 | . . . . . . . 1 . 1 . . . . . . . . . 1 . Duelist 2 | . . . . . . . . 1 . . . . . . . . . . . 1 Sentry 26 | . . . 9 . . . 8 2 2 5 . . . . . . . . . . Demolisher 3 | . . . . . . . . . . . . . . . . . . . 1 2 Specialist 1 | . . . . . . . . . . . . . . . . . . . 1 . Hunter 3 | . . . . . . . 1 . . 1 . . 1 . . . . . . . Programmer 11 | . . . . . . . . . . 2 . . 1 1 . . . . 6 1 Assembled 12 | . . . . 12 . . . . . . . . . . . . . . . . Best Kill Streak 19 | 2 3 4 7 6 . 3 5 6 8 3 . 5 2 2 . . . . 4 19 Combat Bots Only 7 | . 2 4 5 5 . 3 4 6 7 3 . 5 2 2 . . . . 4 3 Max Kills in Single Turn 4 | 1 1 1 3 3 . 2 4 2 2 2 . 3 2 1 1 . . . 2 3 Gunslinging 1 | . . . . . . . 1 . . 1 . . . . . . . . . . Exploded 3 | . . . 3 3 . 2 3 2 1 . . 3 2 . . . . . . . Melee . | . . . . . . . . . . . . . . . . . . . . . Uniques/NPCs Destroyed . | . . . . . . . . . . . . . . . . . . . . . Combat | -11 -10 -10 -9 -9 -9 -8 -8 -8 -8 -8 -7 -7 -6 -6 -5 -5 -5 -5 -4 -4 -------- Run | Yrd Mat Min Mat Min Exi Min Mat Gar Mat Gar Fac Gar Fac Gar Fac Was Fac Gar Fac Ext Hostile Shots Fired 1026 | . 31 25 112 33 . 33 52 50 6 86 10 107 52 75 15 . 3 5 52 279 Missed 309 | . 4 8 39 12 . 9 20 13 2 21 4 38 19 23 4 . 1 2 16 74 Hits 717 | . 27 17 73 21 . 24 32 37 4 65 6 69 33 52 11 . 2 3 36 205 Melee 26 | . . . . 4 . . . . . . . . . 1 . . . . 1 20 Projectile 691 | . 27 17 73 17 . 24 32 37 4 65 6 69 33 51 11 . 2 3 35 185 AOE 9 | . . . . . . . . . . 6 . . . . . . . . . 3 Critical Strikes 40 | . . . 3 1 . . 3 4 . 2 . 2 . 3 1 . . . 3 18 Damage Taken 11327 | . 297 182 968 400 . 236 424 538 38 1054 42 831 516 811 160 . 38 33 572 4187 Core 1915 | . 20 14 174 40 . 6 54 33 9 122 . 48 39 115 52 . . . 53 1136 Absorbed by Shields 1544 | . . . . . . . 148 22 . 32 . 12 . 193 62 . 14 12 213 836 Redirected to Shielding 74 | . . . 45 21 . 8 . . . . . . . . . . . . . . Ignored by Resistances 126 | . . . . . . . . . . . . . . . 40 . 14 4 68 . Regen/Repaired (Parts) 1066 | . . . 88 . . . 153 126 . . . 122 86 249 7 . . 33 41 161 Core Remaining (%) 79 | 100 . 86 . . . 45 . . . 60 . 93 . 81 . . . 94 . . Volleys Fired 621 | 3 48 16 107 24 . 17 62 66 8 53 3 5 5 24 4 . . 2 39 135 Largest 4 | 2 2 2 2 2 . 2 3 3 3 3 1 1 1 1 1 . . 1 2 4 Hottest 120 | 70 70 85 120 46 . 46 71 71 71 71 5 50 36 60 50 . . 50 111 111 Shots Fired 1267 | 6 89 32 203 30 . 34 180 119 18 123 3 5 5 24 4 . . 2 75 315 Gun 1131 | 6 89 32 185 15 . 30 176 117 15 123 . 2 1 24 4 . . 2 37 273 Cannon 67 | . . . 6 . . . . . . . . . . . . . . . 38 23 Launcher 34 | . . . 2 15 . 4 4 2 3 . . 3 1 . . . . . . . Special 35 | . . . 10 . . . . . . . 3 . 3 . . . . . . 19 Kinetic 1036 | 3 69 25 89 15 . 30 176 117 15 123 . . 1 3 . . . . 75 295 Thermal 143 | 3 20 7 112 . . . . . . . . . . . . . . . . 1 Explosive 34 | . . . 2 15 . 4 4 2 3 . . 3 1 . . . . . . . Electromagnetic 29 | . . . . . . . . . . . . 2 . 21 4 . . 2 . . Robot Hit Streak 27 | 5 8 8 20 10 . 6 27 25 13 17 1 4 8 14 2 . . . 8 19 Robot Miss Streak 7 | . 3 4 4 3 . 7 2 2 1 3 2 . . 2 2 . . . 4 6 Penetration Max 1 | . . . . . . . . . . . . . . . . . . . . 1 Secondary Targets 22 | . 1 2 . . . 1 2 3 . 6 . . . . . . . . . 7 Max Gunslinging Chain 1 | . 1 1 . . . 1 1 1 . 1 . . . . . . . . . 1 Shots Hit Robots 806 | 5 54 17 133 12 3 13 128 59 11 81 1 3 4 13 2 . . . 51 216 Core Hits 439 | 2 23 10 61 25 . 15 53 30 11 28 . 17 3 7 1 . . . 49 104 Critical Kills 11 | . . . . . . 1 1 . . . . . . . . . . . 6 3 Critical Parts Destroyed 9 | . 2 . 1 . . . . . . . . . . . . . . . 4 2 Critical Strikes 30 | 1 2 2 8 . . 1 1 . . . . . . . . . . . 10 5 Burn 10 | 1 . 2 7 . . . . . . . . . . . . . . . . . Destroy 20 | . 2 . 1 . . 1 1 . . . . . . . . . . . 10 5 Melee Attacks 8 | . . . . . 3 . . 1 2 2 . . . . . . . . . . Impact . | . . . . . . . . . . . . . . . . . . . . . Slashing . | . . . . . . . . . . . . . . . . . . . . . Piercing . | . . . . . . . . . . . . . . . . . . . . . Sneak Attacks 6 | . . . . . 3 . . 1 2 . . . . . . . . . . . Combat Hostiles . | . . . . . . . . . . . . . . . . . . . . . Follow-up Attacks . | . . . . . . . . . . . . . . . . . . . . . Damage Inflicted 19749 | 61 761 233 2613 869 . 610 2270 1204 679 1277 . 695 179 340 63 . . . 2507 5388 Guns 15545 | 61 734 228 2209 166 . 203 1949 937 151 1277 . 30 . 340 58 . . . 2216 4986 Cannons 746 | . . . 53 . . . . . . . . . . . . . . . 291 402 Explosions 3391 | . . . 326 698 . 407 321 267 528 . . 665 179 . . . . . . . Melee . | . . . . . . . . . . . . . . . . . . . . . Ramming 67 | . 27 5 25 5 . . . . . . . . . . 5 . . . . . Kinetic 14338 | 24 597 144 887 166 . 203 1949 937 151 1277 . . . 142 . . . . 2507 5354 Thermal 1762 | 37 137 84 1375 . . . . . . . . . 95 . . . . . . 34 Explosive 3296 | . . . 326 698 . 407 321 267 528 . . 665 84 . . . . . . . Electromagnetic 286 | . . . . . . . . . . . . 30 . 198 58 . . . . . Impact . | . . . . . . . . . . . . . . . . . . . . . Slashing . | . . . . . . . . . . . . . . . . . . . . . Piercing . | . . . . . . . . . . . . . . . . . . . . . Highest Corruption 9 | . . . 3 8 8 9 1 1 1 2 . . . . 1 1 1 1 1 1 Average Corruption 2 | . . . 2 7 8 8 1 1 1 1 . . . . 1 1 1 1 1 1 Corruption Purged 1 | . . . . . . . . . . . . . . . 1 . . . . . Corruption Blocked . | . . . . . . . . . . . . . . . . . . . . . Effects 138 | . . . 21 22 10 30 7 10 1 6 . . . . 8 3 4 6 2 8 Message Errors 30 | . . . 5 8 2 4 2 1 . . . . . . 2 . 1 2 1 2 Matter Fused 25 | . . . 4 1 4 3 1 1 1 1 . . . . 1 1 1 2 . 4 Heat Flow Errors 13 | . . . 2 5 . 2 1 2 . . . . . . . 1 . . . . Energy Discharges 19 | . . . 2 3 2 5 1 2 . 1 . . . . 2 . . 1 . . Parts Rejected 1 | . . . . . . . . 1 . . . . . . . . . . . . Parts Fused 2 | . . . . 1 . . . . . . . . . . 1 . . . . . Data Loss (minor) 18 | . . . 4 1 1 6 . 2 . 1 . . . . 1 1 . . . 1 Data Loss (major) 11 | . . . 3 1 . 2 . . . . . . . . 1 . 2 1 . 1 Misfires 11 | . . . 1 1 . 5 2 1 . 1 . . . . . . . . . . Alerts 4 | . . . . . 1 2 . . . 1 . . . . . . . . . . Weapon Failures 4 | . . . . 1 . 1 . . . 1 . . . . . . . . 1 . Overload Shots . | . . . . . . . . . . . . . . . . . . . . . Overflow Damage 131 | . . . 10 42 . 13 17 . 19 . . . 30 . . . . . . . Projectiles . | . . . . . . . . . . . . . . . . . . . . . Explosions 131 | . . . 10 42 . 13 17 . 19 . . . 30 . . . . . . . Melee . | . . . . . . . . . . . . . . . . . . . . . Knockbacks 6 | . . . . . . . . . . . . . . . . . . . 2 4 Impact . | . . . . . . . . . . . . . . . . . . . . . Kinetic 6 | . . . . . . . . . . . . . . . . . . . 2 4 Secondary . | . . . . . . . . . . . . . . . . . . . . . Self-Inflicted Damage 362 | . . . . 66 . 34 88 . . . . . 174 . . . . . . . Shots 11 | . . . . 4 . 1 3 . . . . . 3 . . . . . . . Rammed 11 | . 9 1 . . . . . . . . . . . . 1 . . . . . Targets Rammed 21 | . 9 1 9 1 . . . . . . . . . . 1 . . . . . Kicked 10 | . . . 9 1 . . . . . . . . . . . . . . . . Crushed . | . . . . . . . . . . . . . . . . . . . . . Highest Temperature 269 | 9 35 105 159 269 . 231 213 244 . 45 . 10 9 30 . 139 . . 194 253 Average Temperature 59 | 6 7 42 29 121 . 127 36 57 . 12 . 4 9 16 . 76 . . 72 92 Received Heat Transfer 2881 | . 156 60 408 . . 18 104 318 . 183 12 261 51 131 6 . 6 6 109 1052 Siege Activations . | . . . . . . . . . . . . . . . . . . . . . Martial Activations . | . . . . . . . . . . . . . . . . . . . . . Shielding Activations . | . . . . . . . . . . . . . . . . . . . . . Robots Disrupted . | . . . . . . . . . . . . . . . . . . . . . Combat Hostiles . | . . . . . . . . . . . . . . . . . . . . . Robots Corrupted 1 | . . . . . . . . . . . . . . 1 . . . . . . Combat Hostiles . | . . . . . . . . . . . . . . . . . . . . . Parts Fried 4 | . . . . . . . . . . . . . . 1 1 . . . . 2 Impact Corruptions . | . . . . . . . . . . . . . . . . . . . . . Robots Melted 1 | . . . 1 . . . . . . . . . . . . . . . . . Combat Hostiles 1 | . . . 1 . . . . . . . . . . . . . . . . . Parts Melted 12 | . . 2 9 . . . . . . . . . . . . . . . 1 . Heat Transferred 4355 | 185 383 333 3367 . . . . . . . . . 50 . . . . . . 37 Parts Sabotaged . | . . . . . . . . . . . . . . . . . . . . . Parts Stolen . | . . . . . . . . . . . . . . . . . . . . . Parts Stripped . | . . . . . . . . . . . . . . . . . . . . . Power Chain Reactions . | . . . . . . . . . . . . . . . . . . . . . Alert | -11 -10 -10 -9 -9 -9 -8 -8 -8 -8 -8 -7 -7 -6 -6 -5 -5 -5 -5 -4 -4 ------- Run | Yrd Mat Min Mat Min Exi Min Mat Gar Mat Gar Fac Gar Fac Gar Fac Was Fac Gar Fac Ext Maximum Alert Level 5 | . . . 2 . . . 1 3 2 2 1 3 2 3 2 . 1 4 5 4 Low Security (%) 37 | 100 100 100 68 100 . 100 90 17 . 16 81 4 48 . . 100 71 . . . Level 1 13 | . . . 22 . . . 9 25 78 67 18 16 31 5 18 . 28 20 . . Level 2 16 | . . . 9 . . . . 33 21 16 . 32 19 20 81 . . . . 22 Level 3 21 | . . . . . . . . 23 . . . 46 . 74 . . . 17 42 72 Level 4 9 | . . . . . . . . . . . . . . . . . . 61 53 4 Level 5 . | . . . . . . . . . . . . . . . . . . . 4 . High Security . | . . . . . . . . . . . . . . . . . . . . . Max Security . | . . . . . . . . . . . . . . . . . . . . . Peak Influence 1841 | 5 54 89 431 158 . 104 229 839 436 441 231 905 556 1097 658 162 379 1505 1841 1123 Initial 901 | . . 11 . 158 . . 33 148 408 146 231 74 474 389 560 162 . 265 789 901 Average 485 | . 13 21 165 80 . 23 85 490 294 309 140 598 256 840 475 54 113 1042 1168 829 Influence Increases 12993 | 10 189 215 1002 149 . 295 742 711 248 375 141 1031 1019 909 1088 10 645 1260 2010 944 Destroy 0b10 Robot/C 6560 | . 100 140 680 60 . 200 420 280 140 260 100 560 480 420 640 . 160 580 920 420 Destroy 0b10 Robot/NC 300 | 10 25 . 55 5 . 5 40 15 5 . . 5 20 . 20 . 20 . 55 20 Destroy Leader 1060 | . 32 30 172 10 . 40 132 20 42 20 20 30 102 30 84 . 52 50 162 32 Allied During Kill 2246 | . . . . . . 11 . 1 31 . 21 136 89 126 125 . 232 569 476 429 Trap Triggered on 0b10 10 | . . . . . . . . . . . . . . . . . 10 . . . Successful Hack 285 | . 17 . 37 . . 6 34 14 5 . . 7 33 28 26 . 74 . 4 . Disable Machine 375 | . 15 . 15 . . . 45 15 . . . . 135 . 45 . . . 90 15 Anti-Garrison Action 750 | . . . . . . . . 300 . 50 . 200 . 200 . . . . . . Destroy Structure 867 | . . . 28 74 . 33 26 21 25 15 . 18 85 45 28 10 82 61 288 28 Partial Spotted 15 | . . . 15 . . . . . . . . . . . . . . . . . Lose Combat Pursuer 525 | . . 45 . . . . 45 45 . 30 . 75 75 60 120 . 15 . 15 . Influence Decreases 12344 | 10 159 245 595 556 . 207 601 101 861 160 476 232 1368 397 1691 475 266 134 1674 2136 Entered New Map 4336 | . . 19 . 249 . . 55 81 431 80 210 32 431 167 508 303 . 114 716 940 Time Decay 4702 | 10 159 226 575 287 . 191 451 . 90 . 206 . 482 . 553 132 206 . 688 446 Lost Part 376 | . . . 20 20 . 16 10 20 . 30 . . 10 30 . . . . . 220 Lost Ally 1690 | . . . . . . . 20 . 40 50 60 200 170 200 180 40 60 20 270 380 Purge Threat 1240 | . . . . . . . 65 . 300 . . . 275 . 450 . . . . 150 Squads Dispatched 53 | . 3 . 2 . . 1 2 . 2 . 1 . 7 . 7 . 3 . 18 7 Investigation 5 | . . . . . . 1 . . 1 . . . 1 . 1 . 1 . . . Extermination 12 | . . . . . . . . . . . . . 3 . 3 . 1 . 5 . Reinforcement 16 | . 3 . 2 . . . 1 . 1 . . . 3 . . . . . 2 4 Assault 17 | . . . . . . . . . . . . . . . 3 . . . 11 3 Garrison 3 | . . . . . . . 1 . . . 1 . . . . . 1 . . . Intercept . | . . . . . . . . . . . . . . . . . . . . . Searches Triggered . | . . . . . . . . . . . . . . . . . . . . . Unchained Authorized 2 | . . . . . . . . . . . . . . . . . . . 1 1 Construction Impeded 6 | . . . . . . . . . . . . . 1 . . . . . 1 4 Haulers Reinforced . | . . . . . . . . . . . . . . . . . . . . . Active Scanning Responses . | . . . . . . . . . . . . . . . . . . . . . Cargo Convoy Interrupts 2 | . . . . . . . . . . . . . 1 . . . . . 1 . Stealth | -11 -10 -10 -9 -9 -9 -8 -8 -8 -8 -8 -7 -7 -6 -6 -5 -5 -5 -5 -4 -4 --------- Run | Yrd Mat Min Mat Min Exi Min Mat Gar Mat Gar Fac Gar Fac Gar Fac Was Fac Gar Fac Ext Distress Signals 16 | . . . 4 . . . 2 . 2 . . . 1 . 2 . 1 . 4 . Communications Jammed 165 | . . . . . . . . . . . . . . . . . . . 165 . Distress Signals 157 | . . . . . . . . . . . . . . . . . . . 157 . Times Spotted 551 | . 17 8 51 15 . 10 35 16 8 16 10 34 33 43 41 4 12 20 56 122 Peak Tracking Total 27 | . 2 2 5 5 . 3 7 4 7 4 4 10 9 6 6 2 3 7 7 27 Tactical Retreats 33 | . . 2 . . . . 2 1 . 1 . 3 4 3 5 . 1 . 2 9 Traps | -11 -10 -10 -9 -9 -9 -8 -8 -8 -8 -8 -7 -7 -6 -6 -5 -5 -5 -5 -4 -4 ------- Run | Yrd Mat Min Mat Min Exi Min Mat Gar Mat Gar Fac Gar Fac Gar Fac Was Fac Gar Fac Ext Traps Triggered 27 | . . . 2 . . . 1 5 . 5 . 4 . 5 3 . . 1 . 1 Indirectly . | . . . . . . . . . . . . . . . . . . . . . Trap Hack Attempts . | . . . . . . . . . . . . . . . . . . . . . Triggered . | . . . . . . . . . . . . . . . . . . . . . Disarmed 4 | . . . . . . . . . . . . . 4 . . . . . . . Reprogrammed 8 | . . . . . . . 5 . . . . . . . . . 3 . . . Reused 1 | . . . . . . . . . . . . . . . . . 1 . . . Traps Extracted . | . . . . . . . . . . . . . . . . . . . . . Installed 2 | . . . . . . . . 2 . . . . . . . . . . . . Triggered 1 | . . . . . . . . . . . . . . . . . 1 . . . Most Traps Carried 1 | . . . . . . . . 1 . . . . . . . . . . . . Machines | -11 -10 -10 -9 -9 -9 -8 -8 -8 -8 -8 -7 -7 -6 -6 -5 -5 -5 -5 -4 -4 ---------- Run | Yrd Mat Min Mat Min Exi Min Mat Gar Mat Gar Fac Gar Fac Gar Fac Was Fac Gar Fac Ext Machines Disabled 30 | . 1 . 1 . . . 3 4 . 1 . 1 9 . 3 . . . 6 1 Max in Single Turn 5 | . 1 . 1 . . . 1 1 . 1 . . 5 . 1 . . . 1 . Garrison Access 3 | . . . . . . . . . . . . . 1 . 1 . . . 1 . Garrison Relay 5 | . . . . . . . . 3 . 1 . 1 . . . . . . . . Phase Generator 1 | . . . . . . . . . . . . . . 1 . . . . . . Machines Repaired . | . . . . . . . . . . . . . . . . . . . . . Machines Dismantled . | . . . . . . . . . . . . . . . . . . . . . Machines Sabotaged . | . . . . . . . . . . . . . . . . . . . . . Overloaded Fab Kills . | . . . . . . . . . . . . . . . . . . . . . Hacking | -11 -10 -10 -9 -9 -9 -8 -8 -8 -8 -8 -7 -7 -6 -6 -5 -5 -5 -5 -4 -4 --------- Run | Yrd Mat Min Mat Min Exi Min Mat Gar Mat Gar Fac Gar Fac Gar Fac Was Fac Gar Fac Ext Machines Accessed 76 | . 3 . 12 . 1 1 13 1 3 . 3 2 7 3 10 . 7 . 5 5 Terminals 40 | . 3 . 7 . . 1 7 1 1 . 1 2 2 3 3 . 4 . 2 3 Fabricators 5 | . . . . . . . . . . . . . 1 . 2 . 1 . 1 . Repair Stations 6 | . . . 1 . . . 2 . 1 . . . 1 . . . 1 . . . Recycling Units 9 | . . . 2 . . . 1 . . . 1 . . . 2 . . . 1 2 Scanalyzers 7 | . . . 2 . . . 2 . . . . . 1 . 2 . . . . . Garrison Access 8 | . . . . . . . 1 . 1 . 1 . 2 . 1 . 1 . 1 . Total Hacks 172 | . 8 . 31 . 1 3 33 2 8 . 6 4 15 5 27 . 13 . 8 8 Successful 95 | . 5 . 16 . 1 1 16 1 4 . 1 1 9 2 19 . 8 . 6 5 Failed 74 | . 2 . 14 . . 2 16 1 4 . 5 3 6 3 8 . 5 . 2 3 Catastrophic 14 | . 1 . 1 . . 1 2 1 1 . 1 1 . 2 2 . 1 . . . Database Lockouts 3 | . 1 . 1 . . . 1 . . . . . . . . . . . . . Manual 69 | . 4 . 7 . 1 3 21 . 5 . 4 . 7 1 7 . 5 . 2 2 Terminals 90 | . 8 . 17 . . 3 18 2 3 . 3 4 4 5 10 . 7 . 2 4 Fabricators 8 | . . . . . . . . . . . . . 1 . 4 . 1 . 2 . Repair Stations 13 | . . . 4 . . . 4 . 2 . . . 1 . . . 2 . . . Recycling Units 17 | . . . 4 . . . 2 . . . 1 . . . 4 . . . 2 4 Scanalyzers 20 | . . . 6 . . . 3 . . . . . 4 . 7 . . . . . Garrison Access 23 | . . . . . . . 6 . 3 . 2 . 5 . 2 . 3 . 2 . Terminal Hacks 36 | . 5 . 7 . 1 1 7 1 1 . . 1 1 2 3 . 4 . 1 1 Record 1 | . . . . . 1 . . . . . . . . . . . . . . . Robot Analysis 5 | . 2 . 2 . . 1 . . . . . . . . . . . . . . Prototype ID Bank 3 | . 2 . . . . . . . . . . . . . . . 1 . . . Open Door 2 | . . . . . . . . . . . . 1 . . . . . . 1 . Branch Access Points 2 | . . . 1 . . . . . . . . . . . . . 1 . . . Emergency Access Points 2 | . . . . . . . . 1 . . . . . 1 . . . . . . Scanalyzer Index 2 | . . . 1 . . . 1 . . . . . . . . . . . . . Garrison Index 1 | . . . . . . . 1 . . . . . . . . . . . . . Unreport Threat 7 | . . . . . . . 2 . 1 . . . . . 3 . . . . 1 Locate Traps 4 | . 1 . 2 . . . . . . . . . . . . . 1 . . . Disarm Traps 1 | . . . . . . . . . . . . . 1 . . . . . . . Reprogram Traps 2 | . . . . . . . 1 . . . . . . . . . 1 . . . Hauler Manifests 1 | . . . 1 . . . . . . . . . . . . . . . . . Zone Layout 2 | . . . . . . . 2 . . . . . . . . . . . . . Garrison Registry 1 | . . . . . . . . . . . . . . 1 . . . . . . Fabricator Hacks 1 | . . . . . . . . . . . . . . . 1 . . . . . Network Status 1 | . . . . . . . . . . . . . . . 1 . . . . . Repair Station Hacks 6 | . . . 2 . . . 2 . 1 . . . . . . . 1 . . . Scan Component 4 | . . . 1 . . . 1 . 1 . . . . . . . 1 . . . Repair 2 | . . . 1 . . . 1 . . . . . . . . . . . . . Recycling Unit Hacks 11 | . . . 2 . . . . . . . . . . . 4 . . . 1 4 Process 4 | . . . . . . . . . . . . . . . 2 . . . . 2 Retrieve Matter 4 | . . . . . . . . . . . . . . . 2 . . . . 2 Retrieve Components 3 | . . . 2 . . . . . . . . . . . . . . . 1 . Scanalyzer 14 | . . . 4 . . . 2 . . . . . 2 . 6 . . . . . Insert Component 3 | . . . 1 . . . 1 . . . . . . . 1 . . . . . Analyze 2 | . . . 1 . . . . . . . . . . . 1 . . . . . Retrieve Study 9 | . . . 2 . . . 1 . . . . . 2 . 4 . . . . . Garrison Access Hacks 11 | . . . . . . . 1 . 1 . 1 . 3 . 2 . 1 . 2 . Unlock Access 5 | . . . . . . . 1 . 1 . 1 . 1 . . . 1 . . . Seal Access 3 | . . . . . . . . . . . . . 1 . 1 . . . 1 . Coupler Status 3 | . . . . . . . . . . . . . 1 . 1 . . . 1 . Unauthorized Hacks 16 | . . . 1 . . . 4 . 1 . . . 3 . 3 . 2 . 2 . Terminals 9 | . . . 1 . . . 4 . 1 . . . 1 . 1 . 1 . . . Assimilate 3 | . . . . . . . 2 . . . . . . . . . 1 . . . Botnet 6 | . . . 1 . . . 2 . 1 . . . 1 . 1 . . . . . Fabricators 6 | . . . . . . . . . . . . . 1 . 2 . 1 . 2 . Liberate 5 | . . . . . . . . . . . . . 1 . 2 . 1 . 1 . Haulers 1 | . . . . . . . . . . . . . . . . . . . 1 . Repair Stations . | . . . . . . . . . . . . . . . . . . . . . Recycling Units . | . . . . . . . . . . . . . . . . . . . . . Scanalyzers . | . . . . . . . . . . . . . . . . . . . . . Garrison Access 1 | . . . . . . . . . . . . . 1 . . . . . . . Reprogram 1 | . . . . . . . . . . . . . 1 . . . . . . . Data Cores Recovered 3 | . . . . . . . . . . . . . . . 1 . 1 . 1 . Used 1 | . . . . . . . . . . . . . . . 1 . . . . . Hacking Detections 63 | . 3 . 9 . . 1 13 1 3 . 3 2 7 2 7 . 6 . 2 4 Full Trace Events 9 | . . . 1 . . 1 1 1 1 . . 1 1 . 1 . 1 . . . Feedback Events 4 | . . . 1 . . 2 1 . . . . . . . . . . . . . Corruption 3 | . . . 1 . . 1 1 . . . . . . . . . . . . . Hackware Fried 1 | . . . . . . 1 . . . . . . . . . . . . . . Feedback Blocked . | . . . . . . . . . . . . . . . . . . . . . Robot Schematics Acquired . | . . . . . . . . . . . . . . . . . . . . . Robots Built . | . . . . . . . . . . . . . . . . . . . . . Authchips . | . . . . . . . . . . . . . . . . . . . . . Time . | . . . . . . . . . . . . . . . . . . . . . Total Robot Build Rating . | . . . . . . . . . . . . . . . . . . . . . Part Schematics Acquired 2 | . . . 1 . . . . . . . . . . . 1 . . . . . Parts Built . | . . . . . . . . . . . . . . . . . . . . . Authchips . | . . . . . . . . . . . . . . . . . . . . . Time . | . . . . . . . . . . . . . . . . . . . . . Total Part Build Rating . | . . . . . . . . . . . . . . . . . . . . . Part Studies Acquired 9 | . . . 2 . . . 1 . . . . . 2 . 4 . . . . . Parts Repaired 2 | . . . 1 . . . 1 . . . . . . . . . . . . . Time 79 | . . . 60 . . . 19 . . . . . . . . . . . . . Parts Recycled . | . . . . . . . . . . . . . . . . . . . . . Recycled Matter 537 | . . . . . . . . . . . . . . . 355 . . . . 182 Retrieved Matter 537 | . . . . . . . . . . . . . . . 355 . . . . 182 Retrieved Components 18 | . . . 17 . . . . . . . . . . . . . . . 1 . Parts Scanalyzed 2 | . . . 1 . . . . . . . . . . . 1 . . . . . Part Schematics Acquired 2 | . . . 1 . . . . . . . . . . . 1 . . . . . Parts Damaged . | . . . . . . . . . . . . . . . . . . . . . Bothacking | -11 -10 -10 -9 -9 -9 -8 -8 -8 -8 -8 -7 -7 -6 -6 -5 -5 -5 -5 -4 -4 ------------ Run | Yrd Mat Min Mat Min Exi Min Mat Gar Mat Gar Fac Gar Fac Gar Fac Was Fac Gar Fac Ext Used RIF Installer 6 | . . . . . . . . 1 . 2 . 1 . 1 . . . 1 . . Coupler Efficiency 1 | . . . . . . . . . . 1 . . . . . . . . . . Patrol Navigation 1 | . . . . . . . . . . 1 . . . . . . . . . . Program Shield 1 | . . . . . . . . . . . . 1 . . . . . . . . Autooverride 1 | . . . . . . . . . . . . . . . . . . 1 . . Autoassimilate 1 | . . . . . . . . . . . . . . 1 . . . . . . Robots Hacked 9 | . . . . . 3 . . 1 1 2 1 . 1 . . . . . . . Non-combat 5 | . . . . . 2 . . 1 1 . . . 1 . . . . . . . Combat 4 | . . . . . 1 . . . . 2 1 . . . . . . . . . Robot Hacks Applied 12 | . . . . . 3 . . 1 2 2 1 . 3 . . . . . . . parse_system 3 | . . . . . 3 . . . . . . . . . . . . . . . purge_threat 3 | . . . . . . . . . 1 . . . 2 . . . . . . . overwrite_iff 2 | . . . . . . . . . . 2 . . . . . . . . . . formatsys_low 3 | . . . . . . . . 1 1 . . . 1 . . . . . . . formatsys_high 1 | . . . . . . . . . . . 1 . . . . . . . . . Relay Couplers Released 23 | . . . . . . . . 11 . 4 . 8 . . . . . . . . Machine Destruction 20 | . . . . . . . . 11 . 4 . 5 . . . . . . . . Programmers 3 | . . . . . . . . . . . . 3 . . . . . . . . Attached 5 | . . . . . . . . 1 . 1 1 . 1 . . . . . . 1 Fabnet Peak Effective % . | . . . . . . . . . . . . . . . . . . . . . Robots Rewired 16 | . . . . . . . . 3 . . . 3 . . . . . . . 10 Allies Hacked 8 | . . . . . . . . . . . 2 . . . 1 . 1 1 2 1 Hacks Repelled . | . . . . . . . . . . . . . . . . . . . . . Allies | -11 -10 -10 -9 -9 -9 -8 -8 -8 -8 -8 -7 -7 -6 -6 -5 -5 -5 -5 -4 -4 -------- Run | Yrd Mat Min Mat Min Exi Min Mat Gar Mat Gar Fac Gar Fac Gar Fac Was Fac Gar Fac Ext Total Allies 49 | . . . . 3 . . 2 4 1 2 1 3 1 . . 18 . 2 2 10 Largest Group 18 | . . . . 3 3 3 2 4 4 2 1 3 2 . . 18 11 5 4 10 Highest-Rated Group 638 | . . . . 40 40 40 20 65 65 29 21 101 70 . . 638 403 188 142 431 Highest-Rated Ally 51 | . . . . 16 16 16 10 23 23 29 21 39 39 . . 50 46 46 49 51 Total Orders 56 | . . . . . . . . 1 1 3 . 14 8 10 9 . . . 8 2 STAY 30 | . . . . . . . . . . 3 . 7 4 4 3 . . . 8 1 ROAM 5 | . . . . . . . . . . . . 3 1 1 . . . . . . FOLLOW 16 | . . . . . . . . . . . . 4 2 4 5 . . . . 1 AID 5 | . . . . . . . . 1 1 . . . 1 1 1 . . . . . Ally Attacks 1425 | . . . . 10 . 14 . . 5 9 37 97 97 115 197 96 93 123 251 281 Total Damage 39567 | . . . . 42 . 100 . . 45 106 621 2652 2745 3091 4275 2095 2460 4570 8645 8120 Kills 253 | . . . . . . 3 . . . . 5 21 26 20 37 6 12 30 43 50 Allies Corrupted 9 | . . . . . . . . . . . . . 2 2 1 . . . 4 . Allies Melted 6 | . . . . . . . . . . 1 1 . . 1 . . . 1 1 1 Borg Created 73 | . . . . . . . . . . . 5 8 6 16 10 5 . 3 9 11 Largest Collective 6 | . . . . . . . . . . . 3 5 3 6 5 6 . 6 5 5 Intel | -11 -10 -10 -9 -9 -9 -8 -8 -8 -8 -8 -7 -7 -6 -6 -5 -5 -5 -5 -4 -4 ------- Run | Yrd Mat Min Mat Min Exi Min Mat Gar Mat Gar Fac Gar Fac Gar Fac Was Fac Gar Fac Ext Active Infowar (turns) 3071 | . . . . . . . 3 . . . . . . . . . . . 2677 391 Optics 2 | . . . . . . . 2 . . . . . . . . . . . . . T.N.C. 1 | . . . . . . . 1 . . . . . . . . . . . . . Jamming 3068 | . . . . . . . . . . . . . . . . . . . 2677 391 Robot Analysis Total 5 | . 2 . 2 . . 1 . . . . . . . . . . . . . . Derelict Logs Recovered 5 | . . 3 . 2 . . . . . . . . . . . . . . . . Drone Launches . | . . . . . . . . . . . . . . . . . . . . . Drone Recoveries . | . . . . . . . . . . . . . . . . . . . . . Exploration | -11 -10 -10 -9 -9 -9 -8 -8 -8 -8 -8 -7 -7 -6 -6 -5 -5 -5 -5 -4 -4 ------------- Run | Yrd Mat Min Mat Min Exi Min Mat Gar Mat Gar Fac Gar Fac Gar Fac Was Fac Gar Fac Ext Turns Passed 21539 | 129 756 1022 1953 670 323 752 1275 1239 184 628 435 1589 1251 1991 1617 379 630 842 2773 1101 Spaces Moved 11082 | 68 318 634 1095 338 295 392 692 685 109 288 229 864 688 1127 849 237 397 496 755 526 Core 4 | 4 . . . . . . . . . . . . . . . . . . . . Treads 648 | 64 318 265 . . . . . . . 1 . . . . . . . . . . Legs 2644 | . . 369 1095 338 295 392 155 . . . . . . . . . . . . . Wheels 7786 | . . . . . . . 537 685 109 287 229 864 688 1127 849 237 397 496 755 526 Hover . | . . . . . . . . . . . . . . . . . . . . . Flight . | . . . . . . . . . . . . . . . . . . . . . Fastest Speed 50 | 50 160 120 100 176 100 175 130 130 130 130 115 145 120 120 120 130 130 130 120 105 Average Speed 137 | 153 160 145 126 176 101 175 141 130 130 130 144 150 143 134 135 130 131 130 120 119 Slowest Speed 410 | 160 160 190 176 176 176 180 400 130 130 410 145 160 145 150 150 130 245 130 120 150 Overloaded Moves . | . . . . . . . . . . . . . . . . . . . . . Propulsion Burnouts . | . . . . . . . . . . . . . . . . . . . . . Robots Hopped 1 | . . . . . . . . . . . . . . 1 . . . . . . Potential Cave-ins . | . . . . . . . . . . . . . . . . . . . . . Cave-ins Triggered . | . . . . . . . . . . . . . . . . . . . . . Exploration Rate (%) 52 | 6 46 94 82 91 70 87 69 63 21 50 9 66 24 76 21 82 16 55 16 58 Regions Visited 20 Branch Regions 5 Pre-discovered Areas 2 | . . 1 . . 1 . . . . . . . . . . . . . . . Known Exits Taken 7 | . . . 1 . . 1 1 . 1 . 1 . 1 . . . 1 . . . Unknown Exits Taken 6 | 1 1 1 . 1 1 . . . . . . . . . . . . . 1 . Scrap Searched 4 | . . 1 . 1 . 2 . . . . . . . . . . . . . . Spaces Dug 109 | . . . 24 59 . . 16 4 . . . 6 . . . . . . . . Terrain Destroyed 308 | . . . 28 97 . 36 27 12 26 . . 6 59 . . . . . 1 16 Melee . | . . . . . . . . . . . . . . . . . . . . . Projectile 27 | . . . 10 . . . . . . . . . . . . . . . 1 16 AOE 281 | . . . 18 97 . 36 27 12 26 . . 6 59 . . . . . . . Terrain Rammed . | . . . . . . . . . . . . . . . . . . . . . Walls Destroyed . | . . . . . . . . . . . . . . . . . . . . . Machines Disabled . | . . . . . . . . . . . . . . . . . . . . . Actions | -11 -10 -10 -9 -9 -9 -8 -8 -8 -8 -8 -7 -7 -6 -6 -5 -5 -5 -5 -4 -4 --------- Run | Yrd Mat Min Mat Min Exi Min Mat Gar Mat Gar Fac Gar Fac Gar Fac Was Fac Gar Fac Ext Total 16575 | 84 472 707 1443 381 318 425 861 940 134 443 336 1152 948 1585 1312 307 507 691 2585 944 Wait 3968 | 3 84 26 136 12 6 2 37 98 8 52 69 203 230 351 390 64 101 179 1730 187 Move 11064 | 67 317 633 1094 337 294 391 692 683 109 287 229 863 687 1124 849 236 397 495 754 526 Hop 1 | . . . . . . . . . . . . . . 1 . . . . . . Pick Up 147 | 5 4 10 20 1 3 4 18 4 1 7 4 10 1 14 8 . 2 . 14 17 Fast Attach 94 | 6 2 3 16 1 . 2 10 1 . 3 5 4 4 10 12 . 2 1 3 9 Attach 63 | . . . 1 . 2 1 3 3 . 3 2 3 6 9 2 . 1 1 6 20 Detach 50 | . 1 . 2 . . 1 6 1 . . 6 3 4 8 4 . 2 1 4 7 Swap 107 | . 4 5 24 4 4 4 11 8 5 8 1 2 1 4 3 2 . 2 10 5 Drop 183 | . 3 13 34 1 6 3 22 2 . 5 12 12 3 19 16 . 2 1 14 15 Fire 621 | 3 48 16 107 24 . 17 62 66 8 53 3 5 5 24 4 . . 2 39 135 Melee 8 | . . . . . 3 . . 1 2 2 . . . . . . . . . . Ram . | . . . . . . . . . . . . . . . . . . . . . Kick 10 | . . . 9 1 . . . . . . . . . . . . . . . . Crush 11 | . 9 1 . . . . . . . . . . . . 1 . . . . . Escape Stasis 107 | . . . . . . . . 40 . 23 . 16 . 4 12 . . 4 . 8 Rewire 62 | . . . . . . . . 31 1 . . 22 1 . 1 . . 2 2 2 Trap 2 | . . . . . . . . 2 . . . . . . . . . . . . Miscellaneous 77 | . . . . . . . . . . . 5 9 6 17 10 5 . 3 9 13 Route ------- -11/Scrapyard -10/Materials -10/Mines (discovered 2 exits: *Mat x2) -9/Materials (discovered 6 exits: *Mat x3 / *Min / *Sto x2) -9/Mines (discovered 4 exits: *Mat x2 / *Exi / [*Zio]) -9/Exiles -8/Mines -8/Materials (discovered 2 exits: *Fac / Gar) -8/Garrison (discovered 3 exits: *Mat x3) -8/Materials -8/Garrison -7/Factory -7/Garrison (discovered 3 exits: *Fac x3) -6/Factory -6/Garrison (discovered 3 exits: *Fac x3) -5/Factory -5/Waste -5/Factory (discovered 4 exits: *Fac / Upp x2 / Gar) -5/Garrison (discovered 2 exits: *Fac x2) -4/Factory (discovered 2 exits: Res / *Ext) -4/Extension (discovered 1 exit: *Res) History --------- Turn | Location | Event 3 | -11/Scrapyard | Discovered new exit (range 16) 130 | -11/Scrapyard | Entered Materials 131 | -10/Materials | Met a group of wandering Federalists 135 | -10/Materials | Central database locked down 327 | -10/Materials | Build established: Mutant 839 | -10/Materials | Discovered new exit (range 16) 886 | -10/Materials | Entered Mines 941 | -10/Mines | Discovered new exit (range 5) 1026 | -10/Mines | Found a damaged Exp. Sensor Array with a note attached 1033 | -10/Mines | Learned 2 Materials zone layouts 1086 | -10/Mines | Found Prototype Device 1189 | -10/Mines | Learned Materials stockpile data 1515 | -10/Mines | Received a Rocket Launcher from a helpful Derelict 1517 | -10/Mines | Discovered new exit (range 6) 1908 | -10/Mines | Entered Materials 1908 | -9/Materials | Evolved 2 slots: Propulsion x1, Utility x1 1909 | -9/Materials | Identified exit to Materials 2186 | -9/Materials | Identified exit to Mines 2186 | -9/Materials | Identified exit to Storage 2813 | -9/Materials | Build established: Scavenger-Mutant 3168 | -9/Materials | Discovered exit to Materials (range 14) 3373 | -9/Materials | Discovered exit to Materials (range 11) 3516 | -9/Materials | Build established: Mutant 3632 | -9/Materials | Repaired Enh. Autogun? 3817 | -9/Materials | Central database locked down 3861 | -9/Materials | Entered Mines 3862 | -9/Mines | Assembled infested the area 4074 | -9/Mines | Discovered exit to Materials (range 13) 4149 | -9/Mines | Core integrity fell below 50% 4230 | -9/Mines | A Derelict revealed a hidden shortcut to a safe place 4291 | -9/Mines | Learned Materials emergency access door positions 4370 | -9/Mines | Discovered exit to Materials (range 16) 4377 | -9/Mines | Assisted by bots powering up and referring to "LRC-V3" 4521 | -9/Mines | Deemed a non-threat by the Exiles lab entrance 4521 | -9/Mines | Discovered new exit (range 5) 4531 | -9/Mines | Entered Exiles 4531 | -9/Exiles | Accompanied by 3 allies 4564 | -9/Exiles | Met 8R-AWN 4580 | -9/Exiles | Met EX-HEX 4628 | -9/Exiles | Met EX-DEC 4656 | -9/Exiles | Learned location of Zion (-7) 4676 | -9/Exiles | Met EX-BIN 4690 | -9/Exiles | Aligned with FarCom system 4691 | -9/Exiles | Given EX-Vault access code 4714 | -9/Exiles | Opened EX-Vault 4723 | -9/Exiles | Found Prototype Ballistic Gun 4746 | -9/Exiles | Warned to stay clear of 0b10 Research branches 4837 | -9/Exiles | Discovered new exit (range 10) 4854 | -9/Exiles | Left Exiles lab with XL Autogun Array 4854 | -9/Exiles | Entered Mines 4854 | -8/Mines | Accompanied by 3 allies 5195 | -8/Mines | Build established: Scavenger-Mutant 5432 | -8/Mines | Hacking Suite fried by hacking feedback 5575 | -8/Mines | Discovered exit to Materials (range 13) 5606 | -8/Mines | Entered Materials 5606 | -8/Materials | Evolved 2 slots: Utility x1, Weapon x1 5924 | -8/Materials | Repaired Hrd. Medium Armor Plating 6213 | -8/Materials | Build established: Tank 6336 | -8/Materials | Discovered new exit (range 7) 6421 | -8/Materials | Identified XL Autogun Array 6672 | -8/Materials | Central database locked down 6881 | -8/Materials | Identified exit to Garrison 6881 | -8/Materials | Entered Garrison 6945 | -8/Garrison | Installed Relay Interface Framework 6996 | -8/Garrison | Triggered checkpoint 7020 | -8/Garrison | Garrison Relay disabled 7097 | -8/Garrison | Triggered checkpoint 7134 | -8/Garrison | Triggered checkpoint 7264 | -8/Garrison | Discovered new exit (range 11) 7416 | -8/Garrison | Build established: Skirmisher 7545 | -8/Garrison | Triggered checkpoint 7577 | -8/Garrison | Garrison Relay disabled 7647 | -8/Garrison | Garrison Relay disabled 7693 | -8/Garrison | Discovered new exit (range 10) 7753 | -8/Garrison | Triggered checkpoint 7806 | -8/Garrison | Discovered new exit (range 10) 8120 | -8/Garrison | Entered Materials 8120 | -8/Materials | Accompanied by 4 allies 8213 | -8/Materials | Destroyed 7 combat bots 8298 | -8/Materials | Identified exit to Garrison 8304 | -8/Materials | Entered Garrison 8304 | -8/Garrison | Accompanied by 2 allies 8331 | -8/Garrison | Triggered checkpoint 8391 | -8/Garrison | Garrison Relay disabled 8485 | -8/Garrison | Expanded RIF knowledge: Patrol Navigation 8517 | -8/Garrison | Expanded RIF knowledge: Coupler Efficiency 8600 | -8/Garrison | Triggered checkpoint 8610 | -8/Garrison | Triggered checkpoint 8766 | -8/Garrison | Triggered checkpoint 8770 | -8/Garrison | Discovered new exit (range 15) 8932 | -8/Garrison | Entered Factory 8932 | -7/Factory | Evolved 2 slots: Weapon x2 8937 | -7/Factory | Found Prototype Special Melee Weapon 8937 | -7/Factory | Identified 1B-0RG's Assimilator 9001 | -7/Factory | Assimilating Guardian 4a into Collective. 9112 | -7/Factory | Assimilating Excavator 4a into Collective. 9149 | -7/Factory | Assimilating Informer 4a into Collective. 9247 | -7/Factory | Build established: Mutant 9339 | -7/Factory | Assimilating Sage 4a into Collective. 9343 | -7/Factory | Garrison activated, responded to threat 9345 | -7/Factory | Assimilating Guardian 4b into Collective. 9367 | -7/Factory | Identified exit to Garrison 9367 | -7/Factory | Entered Garrison 9367 | -7/Garrison | Accompanied by 3 allies 9368 | -7/Garrison | Lost 3 allies 9395 | -7/Garrison | Triggered checkpoint 9397 | -7/Garrison | Assimilating Guardian 4c into Collective. 9441 | -7/Garrison | Garrison Relay disabled 9503 | -7/Garrison | Assimilating Hacker 4a into Collective. 9619 | -7/Garrison | Triggered checkpoint 9648 | -7/Garrison | Triggered checkpoint 9651 | -7/Garrison | Triggered checkpoint 9670 | -7/Garrison | Assimilating Virus 4a into Collective. 9679 | -7/Garrison | Assimilating Soldier 4a into Collective. 9688 | -7/Garrison | Assimilating Trooper 4a into Collective. 9705 | -7/Garrison | Triggered checkpoint 9707 | -7/Garrison | Lost 5 allies 9768 | -7/Garrison | Spotted B-75 Beast 9833 | -7/Garrison | Spotted B-75 Beast 9903 | -7/Garrison | Assimilating Beast 4a into Collective. 9921 | -7/Garrison | Assimilating Beast 4b into Collective. 9928 | -7/Garrison | Lost 3 allies 10024 | -7/Garrison | Discovered new exit (range 8) 10069 | -7/Garrison | Assimilating Trooper 4b into Collective. 10714 | -7/Garrison | Discovered new exit (range 14) 10846 | -7/Garrison | Discovered new exit (range 10) 10883 | -7/Garrison | Expanded RIF knowledge: Program Shield 10956 | -7/Garrison | Entered Factory 10956 | -6/Factory | Accompanied by 4 allies 10956 | -6/Factory | Evolved 2 slots: Propulsion x1, Utility x1 11355 | -6/Factory | Assimilating Fighter 5a into Collective. 11371 | -6/Factory | Assimilating Soldier 5a into Collective. 11412 | -6/Factory | Lost 3 allies 11418 | -6/Factory | Assimilating Soldier 5b into Collective. 11482 | -6/Factory | Assimilating Smith 5a into Collective. 11953 | -6/Factory | Assimilating Informer 5a into Collective. 11975 | -6/Factory | Assimilating Virus 5a into Collective. 12088 | -6/Factory | Cargo convoy interrupted 12201 | -6/Factory | Identified exit to Garrison 12207 | -6/Factory | Entered Garrison 12230 | -6/Garrison | Expanded RIF knowledge: Autoassimilate 12275 | -6/Garrison | Triggered checkpoint 12277 | -6/Garrison | Assimilating Soldier 5c into Collective. 12280 | -6/Garrison | Assimilating Soldier 5d into Collective. 12282 | -6/Garrison | Assimilating Soldier 5e into Collective. 12503 | -6/Garrison | Triggered checkpoint 12517 | -6/Garrison | Assimilating Soldier 5f into Collective. 12559 | -6/Garrison | Triggered checkpoint 12583 | -6/Garrison | Triggered checkpoint 12591 | -6/Garrison | Assimilating Soldier 5g into Collective. 12598 | -6/Garrison | Assimilating Soldier 5h into Collective. 12633 | -6/Garrison | Triggered checkpoint 12636 | -6/Garrison | Assimilating Soldier 5i into Collective. 12822 | -6/Garrison | Discovered new exit (range 15) 13311 | -6/Garrison | Discovered new exit (range 13) 13316 | -6/Garrison | Assimilating Virus 5b into Collective. 13432 | -6/Garrison | Assimilating Fighter 5b into Collective. 13444 | -6/Garrison | Assimilating Fighter 5c into Collective. 13457 | -6/Garrison | Assimilating Slayer 5a into Collective. 13483 | -6/Garrison | Lost 6 allies 13497 | -6/Garrison | Assimilating Slayer 5b into Collective. 13509 | -6/Garrison | Assimilating Fighter 5d into Collective. 13552 | -6/Garrison | Discovered new exit (range 67) 13552 | -6/Garrison | Discovered new exit (range 24) 13552 | -6/Garrison | Discovered new exit (range 48) 13595 | -6/Garrison | Phase Generator disabled 13604 | -6/Garrison | Met a derelict Sapper fleeing the area 13629 | -6/Garrison | Triggered checkpoint 13656 | -6/Garrison | Assimilating 5K-2GI(g) into Collective. 13668 | -6/Garrison | Assimilating Guardian 5a into Collective. 13676 | -6/Garrison | Spotted B-75 Beast 14015 | -6/Garrison | Spotted B-75 Beast 14059 | -6/Garrison | Allies destroyed B-75 Beast 14077 | -6/Garrison | Assimilating Beast 5a into Collective. 14198 | -6/Garrison | Entered Factory 14198 | -5/Factory | Accompanied by 2 allies 14198 | -5/Factory | Evolved 2 slots: Utility x2 14242 | -5/Factory | Assimilating Informer 6a into Collective. 14490 | -5/Factory | Assimilating Machinist 6a into Collective. 14498 | -5/Factory | First assault squad dispatched 14566 | -5/Factory | Assimilating Virus 6a into Collective. 14584 | -5/Factory | Assimilating Sentinel 6a into Collective. 14745 | -5/Factory | Lost 3 allies 14851 | -5/Factory | Assimilating Sage 6a into Collective. 14854 | -5/Factory | Assimilating Sage 6b into Collective. 15081 | -5/Factory | Assimilating Informer 6b into Collective. 15279 | -5/Factory | Assimilating Sage 6c into Collective. 15473 | -5/Factory | Assimilating Soldier 6a into Collective. 15518 | -5/Factory | Assimilating Fighter 6a into Collective. 15815 | -5/Factory | Sucked down chute 15815 | -5/Factory | Entered Waste 15820 | -5/Waste | 1 allies followed down the chute 15825 | -5/Waste | Spotted C-40 Crusher 15851 | -5/Waste | Warlord forces began an assault 15856 | -5/Waste | Assimilating OG-9PP(d) into Collective. 15860 | -5/Waste | Allies destroyed C-40 Crusher 15874 | -5/Waste | Assimilating DQ-BR1(d) into Collective. 15881 | -5/Waste | Spotted C-40 Crusher 15889 | -5/Waste | Spotted C-40 Crusher 15893 | -5/Waste | Allies destroyed C-40 Crusher 15894 | -5/Waste | Allies destroyed C-40 Crusher 15914 | -5/Waste | Spotted C-40 Crusher 15921 | -5/Waste | Allies destroyed C-40 Crusher 15944 | -5/Waste | Spotted C-40 Crusher 15944 | -5/Waste | Allies destroyed C-40 Crusher 15983 | -5/Waste | Spotted C-40 Crusher 15986 | -5/Waste | Allies destroyed C-40 Crusher 16018 | -5/Waste | Discovered new exit (range 15) 16039 | -5/Waste | Assimilating BZ-KIT(b) into Collective. 16060 | -5/Waste | Assimilating 0Q-R5N(b) into Collective. 16099 | -5/Waste | Assimilating MF-LUL(m) into Collective. 16194 | -5/Waste | Entered Factory 16194 | -5/Factory | Accompanied by 17 allies 16333 | -5/Factory | Identified exit to Upper Caves 16590 | -5/Factory | Discovered new exit (range 12) 16817 | -5/Factory | Identified exit to Garrison 16823 | -5/Factory | Garrison activated, responded to threat 16824 | -5/Factory | Entered Garrison 16824 | -5/Garrison | Accompanied by 9 allies 16844 | -5/Garrison | Triggered checkpoint 16882 | -5/Garrison | Triggered checkpoint 16897 | -5/Garrison | Assimilating TJ-TOQ(g) into Collective. 16925 | -5/Garrison | Assimilating GY-UOC(g) into Collective. 16990 | -5/Garrison | Triggered checkpoint 17005 | -5/Garrison | Allies destroyed B-75 Beast 17091 | -5/Garrison | Triggered checkpoint 17142 | -5/Garrison | Triggered checkpoint 17189 | -5/Garrison | Discovered new exit (range 15) 17218 | -5/Garrison | Triggered checkpoint 17293 | -5/Garrison | Expanded RIF knowledge: Autooverride 17390 | -5/Garrison | Discovered new exit (range 12) 17489 | -5/Garrison | Rescued a captive Derelict 17490 | -5/Garrison | Rescued a captive Derelict 17515 | -5/Garrison | Assimilating G4-J40(b) into Collective. 17666 | -5/Garrison | Entered Factory 17666 | -4/Factory | Accompanied by 9 allies 17666 | -4/Factory | Evolved 2 slots: Power x1, Utility x1 17916 | -4/Factory | First assault squad dispatched 17917 | -4/Factory | Unchained authorized (1B-0RG) 17957 | -4/Factory | Exiles provided nearest exit location to -3/Research 18009 | -4/Factory | Assimilating Assassin 7a into Collective. 18014 | -4/Factory | Assimilating Assassin 7b into Collective. 18018 | -4/Factory | Assimilating Veteran 7a into Collective. 18027 | -4/Factory | Assimilating Veteran 7b into Collective. 18054 | -4/Factory | Lost 6 allies 18084 | -4/Factory | Assimilating Conveyor 7a into Collective. 18140 | -4/Factory | Assimilating Sentinel 7a into Collective. 18373 | -4/Factory | Assimilating Sentinel 7b into Collective. 18389 | -4/Factory | Watched by a mysterious "MATRIX" hacker. 18448 | -4/Factory | Discovered new exit (range 6) 18776 | -4/Factory | Cargo convoy interrupted 18842 | -4/Factory | Build established: Gunner 20081 | -4/Factory | Assimilating Sentinel 7c into Collective. 20087 | -4/Factory | Assimilating Sentinel 7d into Collective. 20439 | -4/Factory | Entered Extension 20468 | -4/Extension | Assimilating Eye 7a into Collective. 20538 | -4/Extension | Assimilating Sentinel 7e into Collective. 20596 | -4/Extension | Assimilating Sentinel 7f into Collective. 20601 | -4/Extension | Assimilating Sentinel 7g into Collective. 20610 | -4/Extension | Unchained authorized (1B-0RG) 20630 | -4/Extension | Assimilating Veteran 7c into Collective. 20689 | -4/Extension | First assault squad dispatched 21072 | -4/Extension | Assimilating Archangel 7a into Collective. 21075 | -4/Extension | Assimilating Veteran 7d into Collective. 21079 | -4/Extension | Assimilating Veteran 7e into Collective. 21090 | -4/Extension | Lost 5 allies 21091 | -4/Extension | Lost 3 parts (2u1w) 21210 | -4/Extension | Spotted B-86 Titan 21213 | -4/Extension | Discovered exit to Research (range 20) 21220 | -4/Extension | Spotted B-86 Titan 21227 | -4/Extension | Allies destroyed B-86 Titan 21234 | -4/Extension | Assimilating Titan 7a into Collective. 21301 | -4/Extension | Lost 7 allies 21336 | -4/Extension | Assimilating Assassin 7c into Collective. 21367 | -4/Extension | Assimilating Assassin 7d into Collective. 21409 | -4/Extension | Lost 6 allies 21524 | -4/Extension | Core integrity fell below 50% 21537 | -4/Extension | Core integrity fell below 20% 21540 | -4/Extension | Destroyed by Borg Serf with Self-contained Borg Blade Last Messages --------------- 21523_ Borg Engineer destroyed. 21524_ Critical hit (Destroy). 21524_ XL Autogun Subcomponent destroyed. 21525_ Borg Processor knocked back. 21525_ Borg Processor destroyed. 21526_ Lgt. Antimatter Reactor destroyed. 21527_ Borg Processor knocked back. 21527_ Borg Processor destroyed. 21529_ Slug penetrates Earth. 21530_ Mass Driver severed. 21532_ XL Autogun Subcomponent destroyed. 21532_ Borg Engineer follow-up attacks with Sfc. Borg Fist. 21535_ R-10 Processor collects Neutrino Core+. 21536_ Remote Datajack severed. 21536_ XL Autogun Subcomponent destroyed. 21537_ Critical hit (Burn: +37). 21537_ Borg Serf follow-up attacks with Sfc. Borg Fist. 21537_ Shock Rifle destroyed. 21538_ R-10 Processor collects Remote Datajack. Map ----- +----------------------------------------------------+ | | | | | | | | | ?????????????????????????????????????????????????? | | ?????????????????????????????????????????????????? | | ?????????????????????????????????????????????????? | | ?????????????????????????????????????????????????? | | ###??????????????????????????????????????????????? | | #??????????????????????????????????????????????? | | ###############????????????????????????????????? | | / ######???????????????????????????? | | ########## ## #???????????????????????????? | | #????????# ==% / #??###??????????????????????? | | #????????# =% ## #??#;##########?????????????? | | ###??????# = * ### ##??#|! #?????????????? | | ] ##?????# % #?# #???#%######## #?????????????? | | ############/##### #???#=#??????# #?????????????? | | " #???#*#????### #?????????????? | | ###### #??##=#???# ## #?????????????? | | ! #???# ####;%#??# #?#*#?????????????? | | #???# !%R #?# #??#!#?????????????? | | ##???# ###############]##!=#??#=#?????????????? | | ##????####?????????????#!%*=!%####%#?????????????? | | ????????????????????????#uu!%#%#!%=#?????????????? | | ????????????????????????#@k%!=***u!#?????????????? | | ????????????????????????#]ku%#####=#?????????????? | | ????????????????????????#kk====###%#?????????????? | | ????????????????????????#!=!#####%=#?????????????? | | ????????????????????????#]!|#???##=#?????????????? | | ????????????????????????# *#????#*#?????????????? | | ????????????????????????# #????#%#?????????????? | | ????????????????????????#####????#*#?????????????? | | ?????????????????????????????????#=#??????????#??? | | ?????????????????????????????????#[#?###?##?? #??? | | ???????????????????????????????###=### ## ### #### | | ???????????????????????????????#""%""! "" """# | | ???????????????????????????????#!"=!!= " " #? | | ???????????????????????????????#!%!!!! #? | | ???????????????????##??????????#=!!%* ! #? | | ####################"###########%=%!! %!%!= ## | | * !* !== ! % ! % =! | | * !!!!%|* %= |%* | | ==*!*%! * * = != | | ! % * ! =!= !%=%* % !%* | | != *!* *=!!! !=| | | ###########################"##"" *%%!%* ## | | ??????????????????????????#### # ]=%!| #? | | ????????????????????????????# # ! #? | | ????????????????????????????###" =% #? | +----------------------------------------------------+ Best States ------------- Heat Dissipation 62 Coolant Potential 80 Energy Generation 37 Energy Capacity 560 Matter Stores 466 Matter Capacity 550 Sight Range 16 Terrain Scan Density 10 Jamming Range 16 Armor Coverage 450 Resistance: KI 30 Propulsion Shielding 33 Evasion (%) 55 Targeting Accuracy 6 Core Analysis 6 Recoil Reduction 2 Matter Filtering 30 Offensive Hacking 10 Relay Coupler Types 1 Relay Coupler Value 41 Trap Extractor Capacity 4 Item Schematics ----------------- Hacking Suite | -9/Materials | Scanalyzed Enh. Fission Core | -5/Factory | Scanalyzed Robot Schematics ------------------ None Fabricated ------------ Nothing Repaired ---------- Enh. Autogun | 45% | -9/Materials Hrd. Medium Armor Plating | 36% | -8/Materials Studied --------- Aluminum Leg | -9/Materials | Hacked Rocket Launcher | -9/Materials | Hacked Carbon-fiber Leg | -8/Materials | Hacked Arm. Huge Wheel | -6/Factory | Hacked Missile Launcher | -6/Factory | Hacked Arm. Wheel | -5/Factory | Hacked Hyp. Gauss Cannon | -5/Factory | Hacked Neutrino Core | -5/Factory | Hacked Rnf. Fission Core | -5/Factory | Hacked Alien Tech Used ----------------- None Achievements -------------- Be The Sidekick Challenges ------------ None Game ------ Seed HardcellLinearCharge Manual? 0 Play Time 02:19:28 Cumulative 2107.4 hours Start 2026.01.21 @ 12:33:17 End 2026.01.21 @ 18:22:28 Sessions 3 Manual Loads 0 Difficulty Rogue Special Mode None Game No. 1348 Rogue 1344 Adventurer 4 Explorer 0 Win Type - Total 292 Types 220/13/22/11/3/1/4/10/5/3 Lore% 98 Gallery% 96 Achievement% 88 Wizard Run 0 Options --------- Layout 2 ASCII 0 Keyboard 1 Movement Vi Keybinds 0 Fullscreen 0 Font 24/Terminus Map View 59x48 Zoom Use 0% Tactical HUD 1 Map Filters NONE Filters NONE Steam 1 RUN: ed2215a5-0148-49aa-877a-8eff6b9e626f